 Dungeon Crawl Stone Soup version 0.23-b1-3-gdda8187c6f (webtiles) character file.

Game seed: 602684251677730912

664 Ihlosi the Cudgeler (level 7, -3/39 HPs)
             Began as a Kobold Fighter on Jan 31, 2019.
             Was a Follower of the Shining One.
             Engulfed by a cloud of flame (13 damage)
             ... on level 4 of the Dungeon.
             The game lasted 00:08:43 (3396 turns).

Ihlosi the Cudgeler (Kobold Fighter)                Turns: 3396, Time: 00:08:45

Health: -3/39      AC: 12    Str: 17    XL:     7   Next: 87%
Magic:  7/7        EV: 10    Int: 10    God:    the Shining One [*.....]
Gold:   95         SH: 11    Dex: 14    Spells: 6/6 levels left

rFire    + . .     SeeInvis .   a - +1 flail
rCold    + . .     Gourm    .   c - +0 shield
rNeg     . . .     Faith    .   b - +0 scale mail
rPois    .         Spirit   .   k - +1 helmet
rElec    .         Reflect  +   j - scarf {rC+ rF+}
rCorr    .         Harm     .   t - +1 pair of gloves
MR       .....                  (no boots)
Stlth    ..........             g - +2 amulet of reflection
HPRegen  0.13/turn              r - +2 ring of strength
MPRegen  0.10/turn              (no ring)

@: lethally poisoned (-3 -> -4), very slightly contaminated, glowing
A: small, talons 1, carnivore, frail 1, shaggy fur 1
a: Renounce Religion


You were on level 4 of the Dungeon.
You worshipped the Shining One.
The Shining One was aware of your devotion.
You were completely stuffed.

You visited 1 branch of the dungeon, and saw 4 of its levels.

You collected 95 gold pieces.

Inventory:

Hand Weapons
 a - a +1 flail (weapon)
 u - a +0 dagger of speed
Missiles
 q - 4 needles of paralysis
 v - 11 bolts
Armour
 b - a +0 scale mail (worn)
 c - a +0 shield (worn)
 j - a scarf of resistance (worn)
 k - a +1 helmet (worn)
 t - a +1 pair of gloves (worn)
Jewellery
 g - a +2 amulet of reflection (around neck)
 r - a +2 ring of strength (left hand)
Wands
 o - a wand of random effects (12)
Scrolls
 e - 9 scrolls of identify
 s - a scroll of remove curse
 x - a scroll of amnesia
Potions
 d - a potion of might
 m - a potion of magic
Comestibles
 f - 3 rations


   Skills:
 * Level 4.4 Fighting
 * Level 5.0 Maces & Flails
 * Level 3.5 Armour
 * Level 2.8 Dodging
 * Level 3.8 Shields


You had 6 spell levels left.
You didn't know any spells.
Your spell library was empty.

Dungeon Overview and Level Annotations

Branches:
Dungeon (4/15)
 Temple: D:4-7

Altars:
Qazlal
Sif Muna
Wu Jian
The Shining One

Shops:
D:4 *


Innate Abilities, Weirdness & Mutations

You are small and have problems with some larger weapons.
You are carnivorous and can eat meat at any time.
You have sharp toenails.
You are frail. (-10% HP)
You are covered in fur. (AC +1)


Message History

You feel forgetful for a moment. You block the quokka skeleton's attack.
Unknown command.
As you read the scroll labeled HOGOPLI CIDO, it crumbles to dust.
You assume a fearsome visage.
The quokka skeleton is unaffected.
It was a scroll of fear.
You feel sick. The quokka skeleton barely misses you.
Unknown command.
You hit the quokka skeleton. You claw the quokka skeleton.
The quokka skeleton is moderately damaged.
The quokka skeleton barely misses you.
You hit the quokka skeleton. Your kick misses the quokka skeleton.
The quokka skeleton is almost destroyed.
The quokka skeleton bites you but does no damage.
You hit the quokka skeleton.
The quokka skeleton explodes!
You resist. The fiery explosion engulfs you!!
Ouch! That really hurt!
* * * LOW HITPOINT WARNING * * *
The Shining One accepts your kill.
You are engulfed in blazing flames.
You resist.
You die...

### .. ### .#
#####.#
###.#####.
.....#.#
#.@§§.....
###.###.#
#.#§#####.
##.##
#.######.#§#
.# #.##
##...§...#.#
#.# ##.##
##.########.#
#.# ##.###.##
#.# #.#
##.#.##
###.### #.#
##.## #.....#
#.# ### #.#
#.####.#


There were no monsters in sight!

Vanquished Creatures
  2 sky beasts (D:3)
  A howler monkey (D:4)
  A hound (D:4)
  4 orc wizards
  2 orc priests
  An iguana (D:4)
  3 worker ants (D:4)
  5 adders
  3 dart slugs
  3 leopard geckos
  12 orcs
  3 giant cockroaches
  9 goblins
  2 hobgoblins (D:3)
  4 jackals
  9 kobolds
  3 quokkas (D:3)
  A ball python (D:2)
  7 bats
  9 frilled lizards
  3 quokka skeletons
  5 rats
92 creatures vanquished.

Notes
Turn   | Place    | Note
-------+----------+-------------------------------------------
     0 | D:1      | Ihlosi the Kobold Fighter began the quest for the Orb.
     0 | D:1      | Reached XP level 1. HP: 14/14 MP: 1/1
    93 | D:1      | Reached XP level 2. HP: 11/19 MP: 2/2
   508 | D:1      | Reached skill level 2 in Maces & Flails
   512 | D:1      | Reached XP level 3. HP: 18/23 MP: 3/3
   850 | D:2      | Reached skill level 1 in Dodging
  1098 | D:2      | Reached XP level 4. HP: 7/28 MP: 4/4
  1815 | D:3      | Found a stormy altar of Qazlal.
  1815 | D:3      | Found a glowing golden altar of the Shining One.
  1815 | D:3      | Found a deep blue altar of Sif Muna.
  1830 | D:3      | Became a worshipper of the Shining One
  1951 | D:3      | Reached XP level 5. HP: 33/33 MP: 5/5
  2095 | D:2      | Reached skill level 3 in Maces & Flails
  2206 | D:3      | Reached XP level 6. HP: 33/38 MP: 6/6
  2228 | D:3      | Noticed a sky beast
  2240 | D:3      | Killed a sky beast
  2240 | D:3      | Reached skill level 4 in Maces & Flails
  2588 | D:3      | Noticed a sky beast
  2594 | D:3      | Killed a sky beast
  2594 | D:3      | Reached XP level 7. HP: 35/43 MP: 7/7
  2893 | D:3      | Found an ornate altar of the Wu Jian Council.
  2971 | D:4      | Found Puffaorch's General Store.
  3007 | D:4      | Gained mutation: You have sharp toenails. [potion of
                  | mutation]
  3007 | D:4      | Gained mutation: You are frail. (-10% HP) [potion of
                  | mutation]
  3007 | D:4      | Gained mutation: You are covered in fur. (AC +1) [potion of
                  | mutation]
  3186 | D:4      | Reached * piety under the Shining One
  3235 | D:4      | Reached skill level 5 in Maces & Flails
  3396 | D:4      | Engulfed by a cloud of flame

Skill      XL: |  1  2  3  4  5  6  7 |
---------------+----------------------+-----
Maces & Flails | 2 3 4 5 |  5.0
Dodging        | 1 2 |  2.8
Shields        | 3 |  3.8
Armour         | 3 |  3.5
Fighting       | 4 |  4.4

Action                   |  1- 3 |  4- 6 |  7- 9 || total
-------------------------+-------+-------+-------++-------
Melee: Flail             |   119 |   168 |    79 ||   366
       Kick              |       |       |    13 ||    13
  Use: Potion            |       |     2 |     6 ||     8
       Scroll            |       |       |     9 ||     9
  Eat: Chunk             |     6 |     8 |     3 ||    17
Armor: Scale mail        |    38 |    55 |    33 ||   126
Dodge: Dodged            |    47 |    73 |    28 ||   148
Block: Shield            |    75 |   109 |    45 ||   229
       Reflection        |     3 |     3 |       ||     6
